 Dungeon Crawl Stone Soup version 0.31-a0-198-g2ad674f65e (webtiles) character file.

Game seed: 4422301737828481729

5732 qw the Markself (level 10, -3/56 HPs)
             Began as a Deep Elf Hunter on June 25, 2023.
             Was a Follower of Okawaru.
             Slain by a yak (6 damage)
             ... on level 1 of the Lair of Beasts.
             The game lasted 00:02:59 (7519 turns).

qw the Markself (Deep Elf Hunter)                   Turns: 7519, Time: 00:02:59

Health: -3/56      AC: 13    Str: 10 (12) XL:     10   Next: 48%
Magic:  11/14      EV: 21    Int: 12 (13) God:    Okawaru [*.....]
Gold:   432        SH:  5    Dex: 18      Spells: 9/9 levels left

rFire   . . .        Y - +0 arbalest
rCold   . . .        (shield currently unavailable)
rNeg    . . .        i - +0 ring mail
rPois   .            b - +0 helmet
rElec   +            (no cloak)
rCorr   .            c - +1 Delatra's gloves {ID++}
SInv    .            m - +2 pair of boots
Will    +....        j - amulet of reflection
Stlth   +++          h - +4 ring of slaying {mikee}
HPRegen 0.29/turn    k - +5 ring of evasion
MPRegen 0.14/turn

%: reflection
@: heroic
A: talons 1, deterioration 1, dopey 1, electricity resistance
a: Renounce Religion, Heroism


You were on level 1 of the Lair of Beasts.
You worshipped Okawaru.
Okawaru was aware of your devotion.
You visited 3 branches of the dungeon, and saw 10 of its levels.
You also visited: Ossuary.

You collected 621 gold pieces.
You spent 189 gold pieces at shops.


Innate Abilities, Weirdness & Mutations

You have sharp toenails.
Your body sometimes deteriorates upon taking damage.
You are dopey. (Int -2)
You are resistant to electric shocks. (rElec)


   Skills:
 - Level 4.0(9.0) Fighting
 + Level 17.9(22.9) Ranged Weapons
 - Level 2.1(7.1) Armour
 - Level 6.5(11.5) Dodging
 - Level 1.2(6.2) Stealth
 + Level 2.9 Invocations


You had 9 spell levels left.
You didn't know any spells.
Your spell library was empty.

Inventory:

Hand Weapons
 Y - a +0 arbalest (weapon)
Armour
 b - a +0 helmet (worn)
 c - the +1 Delatra's gloves (worn) {ID++}
   (You acquired it on level 4 of the Dungeon)

   ID++:      It heals its wearer when they drink unknown potions, and restores
   their MP when they read unknown scrolls.
 i - a +0 ring mail (worn)
 m - a +2 pair of boots (worn)
Jewellery
 d - a ring of fire
 h - a +4 ring of slaying (left hand) {mikee}
 j - an amulet of reflection (around neck)
 k - a +5 ring of evasion (right hand)
Scrolls
 f - 4 scrolls of teleportation
 l - a scroll of identify
Potions
 a - 3 potions of might
 e - a potion of enlightenment
 g - a potion of cancellation
 n - a potion of ambrosia {unknown}
 o - a potion of heal wounds {unknown}
 q - 2 potions of curing
 r - a potion of resistance {unknown}
 s - a potion of haste {unknown}
 t - a potion of magic {unknown}
 u - a potion of brilliance {unknown}

Dungeon Overview and Level Annotations

Branches:
Dungeon (8/15)             Temple (1/1) D:7            Lair (1/5) D:8
Ossuary (visited)

Altars:
Ashenzari
Cheibriados
Dithmenos
Elyvilon
Fedhas
Gozag
Hepliaklqana
Kikubaaqudgha
Makhleb
Nemelex Xobeh
Okawaru
Qazlal
Ru
Sif Muna
Trog
Uskayaw
Vehumet
Wu Jian
Xom
Yredelemnul
Zin
The Shining One

Shops:
D:3 ?=   D:4 *   D:8 :

Annotations:
D:7 3 runed translucent doors, qw's ghost, amateur DEHu; qw's ghost, novice DEHu; qw's ghost, novice GrFi


Message History

The yak is severely wounded.
The yak closely misses you. The yak misses you. The yak gores you.
The bullfrog barely misses you.
You shoot a bolt. The bolt hits the yak!!
You kill the yak!
Okawaru accepts your kill. The bullfrog misses you. The yak barely misses you.
You shoot a bolt. The bolt hits the yak.
The yak is lightly wounded.
The bullfrog barely misses you.
The yak snorts and paws the ground.
The yak closely misses you. You block the yak's attack.
The yak gores you but does no damage. The bullfrog misses you.
You shoot a bolt. The bolt hits the yak!
The yak is heavily wounded.
The bullfrog hits you but does no damage.
The yak misses you. The yak closely misses you. The yak misses you.
The yak gores you!
Your body deteriorates!
You feel weakened. The bullfrog barely misses you.
7516 ||| INVOKING Heroism.
You fail to use your ability.
The yak misses you. The yak gores you but does no damage.
The yak completely misses you. x2; You block the bullfrog's attack.
7517 ||| INVOKING Heroism.
You gain the combat prowess of a mighty hero.
The bullfrog hits you but does no damage.
You block the yak's attack. The yak gores you. The yak misses you. x2
The bullfrog completely misses you.
You shoot a bolt. The bolt hits the yak!!
You kill the yak!
Okawaru accepts your kill. The yak closely misses you.
The yak completely misses you. The yak gores you!
Your body deteriorates!
You feel weakened.
The bullfrog hits you but does no damage.
You shoot a bolt. The bolt completely misses the yak.
You block the bullfrog's attack. You block the yak's attack.
The yak barely misses you. The yak completely misses you. The yak gores you!
The bullfrog misses you. The yak gores you! The yak completely misses you.
The yak gores you.
You die...

........ ...... .....#
... .....#
...########## #.%..#
............# #Y...#
............ #YYY.#
........... #@YY.#
.........#######YF..##
.........#~#.........#
.........#~#.......^##
......P.P#~#.........#
.....##P..~.........##
......##..~..###....#
.....####.~.## #....#
......# ##### #....#


You could see 7 yaks and a bullfrog.

Vanquished Creatures
  A black mamba (Lair:1)
  2 komodo dragons (Lair:1)
  Grinder (D:5)
  A wyvern (D:8)
  4 yaks (Lair:1)
  Eustachio (D:5)
  2 steam dragons
  A basilisk (Lair:1)
  Menkaure (D:4)
  Edmund (D:5)
  3 water moccasins
  2 orc warriors
  3 black bears
  4 ice beasts
  2 sky beasts (D:7)
  2 centaurs
  Blork the orc (D:6)
  A kobold brigand (D:8)
  6 bullfrogs
  4 scorpions
  2 hounds (D:4)
  5 orc priests
  3 jellies
  2 sleepcaps
  3 iguanas
  10 orc wizards
  8 mummies (Ossuary)
  Robin (D:2)
  10 adders
  A white imp (D:7)
  An ufetubus (D:6)
  A worm (D:2)
  2 dart slugs (D:3)
  35 orcs
  7 bats
  6 endoplasms
  7 giant cockroaches
  13 goblins
  9 hobgoblins
  4 jackals
  12 kobolds
  5 quokkas
  13 ball pythons
  4 frilled lizards
  2 gnoll zombies (Ossuary)
  2 hobgoblin zombies (Ossuary)
  A kobold zombie (Ossuary)
  3 orc zombies (Ossuary)
  11 rats
226 creatures vanquished.

Notes
Turn   | Place    | Note
-------+----------+-------------------------------------------
     0 | D:1      | qw the Deep Elf Hunter began the quest for the Orb.
     0 | D:1      | Reached XP level 1. HP: 12/12 MP: 3/3
     0 | D:1      | 0 ||| qw: Version: 0.3-a-22-g0ed2b0b
     0 | D:1      | 0 ||| qw: Game counter: 5320
     0 | D:1      | 0 ||| qw: Melee chars always use a shield: true
     0 | D:1      | 0 ||| qw: God list: Okawaru
     0 | D:1      | 0 ||| qw: Allow faded altars: false
     0 | D:1      | 0 ||| qw: Do Orc after clearing Dungeon:15 true
     0 | D:1      | 0 ||| qw: Do second Lair branch before Depths: true
     0 | D:1      | 0 ||| qw: Lair rune preference: random
     0 | D:1      | 0 ||| qw: Goals: Normal
     0 | D:1      | 0 ||| PLANNING D:1-11
   213 | D:1      | Reached skill level 6 in Ranged Weapons
   213 | D:1      | Reached XP level 2. HP: 6/16 MP: 4/4
   605 | D:1      | Reached XP level 3. HP: 20/20 MP: 5/5
   699 | D:1      | 699 ||| UPGRADING to +4 ring of slaying {mikee}.
   700 | D:1      | 700 ||| READING scroll labelled GUDEEZ NUCISKO.
   701 | D:1      | 701 ||| READING 2 scrolls labelled WITUEF BOCICS.
   704 | D:1      | 704 ||| READING scroll labelled LEYRPHAAPOR.
   705 | D:1      | 705 ||| READING scroll labelled ACLUIX UNODALO.
   706 | D:1      | 706 ||| DRINKING 2 murky green potions.
   707 | D:1      | 707 ||| DROPPING scroll of butterflies.
   884 | D:2      | Reached skill level 7 in Ranged Weapons
  1061 | D:2      | Reached XP level 4. HP: 25/25 MP: 6/6
  1077 | D:2      | Noticed Robin
  1085 | D:2      | Killed Robin
  1086 | D:2      | Reached skill level 8 in Ranged Weapons
  1318 | D:2      | 1318 ||| UPGRADING to +0 helmet.
  1345 | D:3      | Found Doibiama's Magic Scroll Shop.
  1398 | D:3      | Reached XP level 5. HP: 29/29 MP: 7/7
  1461 | D:3      | Reached skill level 9 in Ranged Weapons
  1664 | D:3      | Found Xaenni's Jewellery Shoppe.
  1672 | D:3      | 1672 ||| SHOPLISTING +4 ring of protection (360 gold, have
                  | 123).
  1672 | D:3      | 1672 ||| SHOPLISTING ring "Soasepp" {Contam rPois rF+ rCorr
                  | Int+6} (488 gold, have 123).
  1672 | D:3      | 1672 ||| SHOPLISTING ring of protection from fire (250
                  | gold, have 123).
  1672 | D:3      | 1672 ||| SHOPLISTING ring of resist corrosion (200 gold,
                  | have 123).
  1672 | D:3      | 1672 ||| SHOPLISTING ring of willpower (250 gold, have
                  | 123).
  1894 | D:3      | 1894 ||| FLEEEEING.
  1928 | D:3      | 1928 ||| BUYING scroll of enchant weapon (97 gold).
  1928 | D:3      | Bought a scroll of enchant weapon for 97 gold pieces
  1928 | D:3      | 1928 ||| BUYING scroll of identify (26 gold).
  1928 | D:3      | Bought a scroll of identify for 26 gold pieces
  1928 | D:3      | 1928 ||| SHOPLISTING scroll of identify (26 gold, have 10).
  1928 | D:3      | 1928 ||| SHOPLISTING scroll of teleportation (39 gold, have
                  | 10).
  1928 | D:3      | 1928 ||| READING scroll of enchant weapon.
  1928 | D:3      | 1928 ||| ENCHANTING +0 shortbow.
  2030 | D:3      | Reached skill level 3 in Dodging
  2199 | D:3      | 2199 ||| UPGRADING to amulet of the acrobat.
  2204 | D:3      | 2204 ||| READING scroll labelled HOHURHA QEONE.
  2205 | D:3      | 2205 ||| READING scroll labelled LIOROS YR HEONY.
  2290 | D:4      | Reached XP level 6. HP: 35/35 MP: 8/8
  2295 | D:4      | Noticed Menkaure
  2301 | D:4      | Killed Menkaure
  2304 | D:4      | Reached skill level 10 in Ranged Weapons
  2330 | D:4      | Identified the +2 robe "Fesythu" {Str+2}
  2392 | D:4      | Found a bloodstained altar of Trog.
  2521 | D:4      | Reached XP level 7. HP: 40/40 MP: 9/9
  2527 | D:4      | 2527 ||| DRINKING 2 potions of curing.
  2527 | D:4      | 2527 ||| (to cure confusion)
  2529 | D:4      | 2529 ||| FLEEEEING.
  2530 | D:4      | 2530 ||| FLEEEEING.
  2531 | D:4      | 2531 ||| FLEEEEING.
  2579 | D:4      | Found Rudyxou's Assorted Antiques.
  2587 | D:4      | 2587 ||| BUYING sapphire potion (21 gold).
  2587 | D:4      | Bought a sapphire potion for 21 gold pieces
  2587 | D:4      | 2587 ||| BUYING scroll labelled ATTINE XOSUKH (24 gold).
  2587 | D:4      | Bought a scroll labelled ATTINE XOSUKH for 24 gold pieces
  2587 | D:4      | 2587 ||| BUYING sedimented blue potion (21 gold).
  2587 | D:4      | Bought a sedimented blue potion for 21 gold pieces
  2587 | D:4      | 2587 ||| SHOPLISTING sedimented blue potion (21 gold, have
                  | 16).
  2667 | D:4      | 2667 ||| DRINKING potion of curing.
  2667 | D:4      | 2667 ||| (to cure confusion)
  2676 | D:4      | Reached skill level 11 in Ranged Weapons
  2764 | D:4      | 2764 ||| UPGRADING to +0 ring mail.
  2774 | D:4      | 2774 ||| DROPPING +0 leather armour.
  2775 | D:4      | 2775 ||| DROPPING +2 robe "Fesythu" {Str+2}.
  2776 | D:4      | 2776 ||| READING scroll labelled BIVIRU OS QAOGH.
  2776 | D:4      | Identified a scroll of acquirement
  2776 | D:4      | 2776 ||| ACQUIRING +1 Delatra's gloves {ID++}
  2776 | D:4      | Acquired the +1 Delatra's gloves {ID++}
  2776 | D:4      | Found the +1 Delatra's gloves {ID++}
  2778 | D:4      | 2778 ||| UPGRADING to +1 Delatra's gloves {ID++}.
  2783 | D:4      | 2783 ||| READING scroll labelled ATTINE XOSUKH.
  2784 | D:4      | 2784 ||| READING 3 scrolls of identify.
  2784 | D:4      | 2784 ||| IDENTIFYING brown potion
  2785 | D:4      | 2785 ||| READING 2 scrolls of identify.
  2785 | D:4      | 2785 ||| IDENTIFYING coppery potion
  2786 | D:4      | 2786 ||| DROPPING potion of degeneration.
  2801 | D:5      | Entered Level 5 of the Dungeon
  2805 | D:5      | 2805 ||| STAIRDANCE
  2849 | D:5      | Reached skill level 1 in Armour
  2856 | D:5      | 2856 ||| SWAPPING to +0 orcbow.
  2857 | D:5      | 2857 ||| DROPPING +1 shortbow.
  2910 | D:5      | Noticed Grinder
  2918 | D:5      | Killed Grinder
  2919 | D:5      | Reached skill level 12 in Ranged Weapons
  2919 | D:5      | Reached XP level 8. HP: 44/44 MP: 10/10
  2990 | D:5      | Noticed Eustachio
  2998 | D:5      | Killed Eustachio
  2999 | D:5      | Reached skill level 3 in Fighting
  3100 | D:5      | Found a shadowy altar of Dithmenos.
  3177 | D:5      | Noticed Edmund
  3191 | D:5      | HP: 9/47 [Edmund/+2 dire flail of protection (6)]
  3192 | D:5      | 3192 ||| READING 2 scrolls of teleportation.
  3192 | D:5      | HP: 2/47 [Edmund/+2 dire flail of protection (7)]
  3402 | D:5      | Killed Edmund
  3514 | D:5      | 3514 ||| READING scroll of enchant weapon.
  3514 | D:5      | 3514 ||| ENCHANTING +0 orcbow.
  3657 | D:5      | 3657 ||| UPGRADING to amulet of reflection.
  3667 | D:5      | 3667 ||| DROPPING amulet of the acrobat.
  3744 | D:6      | Reached skill level 13 in Ranged Weapons
  3840 | D:6      | Noticed Blork the orc
  3845 | D:6      | Killed Blork the orc
  3887 | D:6      | 3887 ||| SWAPPING to +0 arbalest.
  3888 | D:6      | 3888 ||| DROPPING +1 orcbow.
  3927 | D:6      | Noticed a troll
  3940 | D:6      | Reached skill level 14 in Ranged Weapons
  4041 | D:6      | Reached XP level 9. HP: 51/51 MP: 11/11
  4511 | D:6      | 4511 ||| UPGRADING to +2 pair of boots.
  4533 | D:7      | 4533 ||| PLANNING OSSUARY
  4604 | D:7      | Found a runed translucent gate.
  4605 | D:7      | Found a runed translucent gate.
  4605 | D:7      | Found a runed translucent gate.
  4606 | D:7      | Noticed qw's ghost (novice GrFi)
  4607 | D:7      | Noticed qw's ghost (amateur DEHu)
  4609 | D:7      | Noticed qw's ghost (novice DEHu)
  4618 | D:7      | Found a staircase to the Ecumenical Temple.
  4968 | D:7      | Found a sand-covered staircase.
  4972 | Ossuary  | Entered an ossuary
  5003 | Ossuary  | Reached skill level 15 in Ranged Weapons
  5126 | Ossuary  | 5126 ||| DRINKING 2 ruby potions.
  5127 | Ossuary  | 5127 ||| DRINKING 2 murky clear potions.
  5127 | Ossuary  | Gained mutation: Your body sometimes deteriorates upon
                  | taking damage. [potion of mutation]
  5127 | Ossuary  | Gained mutation: You have hidden genetic defects. [potion
                  | of mutation]
  5127 | Ossuary  | Gained mutation: Your magical capacity is low. (-10% MP)
                  | [potion of mutation]
  5127 | Ossuary  | Gained mutation: You have sharp toenails. [potion of
                  | mutation]
  5128 | Ossuary  | 5128 ||| DRINKING 3 sedimented blue potions.
  5129 | Ossuary  | 5129 ||| READING 2 scrolls of identify.
  5129 | Ossuary  | 5129 ||| IDENTIFYING metallic grey potion
  5130 | Ossuary  | 5130 ||| DROPPING potion of lignification.
  5131 | Ossuary  | 5131 ||| DROPPING 2 potions of attraction.
  5153 | D:7      | 5153 ||| PLANNING TEMPLE
  5185 | Temple   | Entered the Ecumenical Temple
  5254 | Temple   | 5254 ||| PLANNING OKAWARU WORSHIP
  5520 | Temple   | Became a worshipper of Warmaster Okawaru
  5521 | Temple   | 5521 ||| PLANNING D:1-11
  5895 | D:7      | Gained mutation: You occasionally shout uncontrollably at
                  | your foes. [hidden defects]
  6038 | D:7      | 6038 ||| Stepping ~*~*~tactically~*~*~ (outnumbered).
  6040 | D:7      | 6040 ||| Stepping ~*~*~tactically~*~*~ (outnumbered).
  6042 | D:7      | 6042 ||| Stepping ~*~*~tactically~*~*~ (outnumbered).
  6046 | D:7      | 6046 ||| Stepping ~*~*~tactically~*~*~ (outnumbered).
  6131 | D:7      | 6131 ||| UPGRADING to +5 ring of evasion.
  6164 | D:8      | Found Yzahaolu's Book Shoppe.
  6167 | D:8      | Reached skill level 16 in Ranged Weapons
  6238 | D:8      | Reached * piety under Okawaru
  6240 | D:8      | 6240 ||| INVOKING Heroism.
  6244 | D:8      | HP: 13/52 [wyvern (9)]
  6245 | D:8      | 6245 ||| READING 7 scrolls of teleportation.
  6246 | D:8      | HP: 4/52 [orc priest/divine providence (10)]
  6247 | D:8      | Reached skill level 6 in Dodging
  6270 | D:8      | 6270 ||| READING 6 scrolls of teleportation.
  6275 | D:8      | 6275 ||| READING 5 scrolls of teleportation.
  6277 | D:8      | 6277 ||| INVOKING Heroism.
  6459 | D:8      | Gained mutation: You occasionally lose the ability to read
                  | scrolls when taking damage. [hidden defects]
  6459 | D:8      | Lost mutation: You have hidden genetic defects. [hidden
                  | defects expressed]
  6475 | D:8      | 6475 ||| DRINKING potion of mutation.
  6475 | D:8      | Lost mutation: You occasionally lose the ability to read
                  | scrolls when taking damage. [potion of mutation]
  6475 | D:8      | Lost mutation: Your magical capacity is low. (-10% MP)
                  | [potion of mutation]
  6475 | D:8      | Lost mutation: You occasionally shout uncontrollably at
                  | your foes. [potion of mutation]
  6475 | D:8      | Gained mutation: You are dopey. (Int -2) [potion of
                  | mutation]
  6475 | D:8      | Gained mutation: You are resistant to electric shocks.
                  | (rElec) [potion of mutation]
  6668 | D:8      | Reached XP level 10. HP: 56/56 MP: 12/12
  6693 | D:8      | 6693 ||| INVOKING Heroism.
  6704 | D:8      | 6704 ||| FLEEEEING.
  6705 | D:8      | 6705 ||| FLEEEEING.
  6706 | D:8      | 6706 ||| FLEEEEING.
  6707 | D:8      | 6707 ||| FLEEEEING.
  6708 | D:8      | 6708 ||| FLEEEEING.
  6709 | D:8      | 6709 ||| INVOKING Heroism.
  6741 | D:8      | 6741 ||| FLEEEEING.
  6742 | D:8      | 6742 ||| FLEEEEING.
  6743 | D:8      | 6743 ||| FLEEEEING.
  6744 | D:8      | 6744 ||| FLEEEEING.
  6835 | D:8      | 6835 ||| Stepping ~*~*~tactically~*~*~ (cloud).
  7012 | D:8      | Found a staircase to the Lair.
  7119 | D:8      | 7119 ||| PLANNING LAIR
  7119 | D:8      | 7119 ||| READING scroll labelled ROUDOA YPLO.
  7121 | D:8      | 7121 ||| Stepping ~*~*~tactically~*~*~ (cloud).
  7257 | Lair:1   | Entered Level 1 of the Lair of Beasts
  7276 | Lair:1   | Reached skill level 17 in Ranged Weapons
  7284 | Lair:1   | 7284 ||| INVOKING Heroism.
  7289 | Lair:1   | Reached skill level 1 in Invocations
  7293 | Lair:1   | Noticed a black mamba
  7297 | Lair:1   | 7297 ||| INVOKING Heroism.
  7301 | Lair:1   | Killed a black mamba
  7496 | Lair:1   | 7496 ||| DRINKING 2 potions of cancellation.
  7516 | Lair:1   | 7516 ||| INVOKING Heroism.
  7517 | Lair:1   | 7517 ||| INVOKING Heroism.
  7519 | Lair:1   | HP: 3/56 [yak (13)]
  7519 | Lair:1   | Slain by a yak

Levels and vault maps discovered:
D:1:      saegor_arrival_simple_e, layout_loops_ring, minmay_worlds_worst_comb
D:2:      wad_pebble_path, layout_basic, uniq_robin
D:3:      layout_loops_corners, serial_shops, nicolae_shop_tiny_waterfront,
          nicolae_shop_peninsula
D:4:      layout_cave_pools, trog_book, serial_shops, nicolae_shop_statue_plus,
          minmay_manual_monstrance, uniq_menkaure
D:5:      layout_basic, mainiacjoe_overflow_alcove_4, uniq_grinder,
          uniq_eustachio, uniq_edmund
D:6:      layout_basic, lightli_corner_chamber, uniq_blork_the_orc
D:7:      layout_loops_corners, minmay_temple_entry_tees,
          nicolae_ossuary_entry_plus, gammafunk_ghost_cemetery
D:8:      layout_basic, grunt_lair_entry_orc_guard_hut, nicolae_stop_n_shop_2,
          hex_tiny
Temple:   mainiacjoe_temple_cubbyholes
Lair:1:   layout_cellular_growth, eino_small_chamber_without_monster,
          st_stairs_10, minmay_lair_oklob_items, chequers_serial_rivers_micro_b,
          grunt_megastairs_2

Skill      XL: |  1  2  3  4  5  6  7  8  9 10 |
---------------+-------------------------------+-----
Ranged Weapons | 6 7 8 9 10 12 14 16 17 | 17.9
Dodging        | 3 4 6 |  6.5
Fighting       | 2 3 4 |  4.0
Armour         | 1 2 |  2.1
Invocations    | 2 |  2.9
Stealth        | |  1.2

Action                     |  1- 3 |  4- 6 |  7- 9 | 10-12 || total
---------------------------+-------+-------+-------+-------++-------
   Fire: Shortbow          |   113 |   148 |    26 |       ||   287
         Orcbow            |       |       |    97 |       ||    97
         Arbalest          |       |       |   171 |    54 ||   225
 Invoke: Heroism           |       |       |     2 |     5 ||     7
    Use: Scroll            |     4 |     3 |    10 |     1 ||    18
         Potion            |     1 |       |     6 |     1 ||     8
 Armour: Leather armour    |    19 |     5 |     2 |       ||    26
         Ring mail         |       |       |    18 |    10 ||    28
  Dodge: Dodged            |    27 |    10 |    55 |    34 ||   126
  Block: Other             |       |       |     5 |     7 ||    12

Table legend:
 A = Non-vault XP
 B = Vault XP
 C = Vault XP percentage of total XP
 D = Non-vault monster count
 E = Vault monster count
 F = Vault count percentage of total count
                 A         B        C        D         E       F
            +---------+---------+-------+---------+---------+-------
      Total |    5112 |    3077 |  37.6 |     176 |      50 |  22.1
            +---------+---------+-------+---------+---------+-------
        D:1 |      40 |       4 |   9.1 |      27 |       2 |   6.9
        D:2 |     114 |      35 |  23.5 |      27 |      11 |  28.9
        D:3 |     152 |       0 |   0.0 |      22 |       0 |   0.0
        D:4 |     219 |     432 |  66.4 |      25 |       7 |  21.9
        D:5 |     428 |     610 |  58.8 |      11 |       3 |  21.4
        D:6 |    1005 |     100 |   9.0 |      17 |       1 |   5.6
        D:7 |    1336 |       0 |   0.0 |      21 |       0 |   0.0
        D:8 |     793 |     648 |  45.0 |      22 |       6 |  21.4
     Lair:1 |    1025 |    1095 |  51.7 |       4 |       4 |  50.0
    Ossuary |       0 |     153 | 100.0 |       0 |      16 | 100.0
            +---------+---------+-------+---------+---------+-------
